 Dungeon Crawl Stone Soup version 0.26.1-11-gd32895ea62 (webtiles) character file.

Game seed: 3736823398622169459

7501 Almogavar the Geomancer (level 11, -1/62 HPs)
             Began as a Gargoyle Earth Elementalist on May 27, 2021.
             Was an Elder of Okawaru.
             Slain by a red ugly thing (11 damage)
             ... on level 10 of the Dungeon.
             The game lasted 00:53:10 (14346 turns).

Almogavar the Geomancer (GrEE)                     Turns: 14346, Time: 00:53:10

Health: -1/62      AC: 15    Str: 17    XL:     11   Next: 16%
Magic:  18/23      EV: 13    Int: 20    God:    Okawaru [****..]
Gold:   652        SH:  5    Dex: 10    Spells: 23/27 levels left

rFire    . . .     SeeInvis .   I - +1 whip (freeze)
rCold    + . .     Faith    .   (no shield)
rNeg     + + .     Spirit   .   J - +1 leather armour {rC+}
rPois    ∞         Reflect  +   (no helmet)
rElec    +         Harm     .   L - +0 cloak
rCorr    .         Rampage  .   w - +0 pair of gloves
Will     .....                  N - +0 pair of boots
Stlth    ++........             C - amulet of reflection
HPRegen  0.20/turn              m - +6 ring of strength
MPRegen  0.18/turn              x - ring of positive energy

@: about to teleport
A: negative energy resistance 1, electricity resistance, unbreathing,
petrification resistance, miasma immunity, AC +8
a: Renounce Religion, Heroism


You were on level 10 of the Dungeon.
You worshipped Okawaru.
Okawaru was greatly pleased with you.
You visited 2 branches of the dungeon, and saw 12 of its levels.
You also visited: Sewer.

You collected 652 gold pieces.

Inventory:

Hand Weapons
 I - a +1 whip of freezing (weapon)
Missiles
 b - 183 stones
 f - 40 bolts
Armour
 g - a +0 ring mail
 k - a +0 scale mail
 w - a +0 pair of gloves (worn)
 F - a +0 chain mail
 J - a +1 leather armour of cold resistance (worn)
 L - a +0 cloak (worn)
 N - a +0 pair of boots (worn)
Magical Staves
 z - an uncursed staff of fire
Jewellery
 a - an uncursed amulet of the acrobat
 d - an uncursed ring of positive energy
 m - a +6 ring of strength (left hand)
 x - a ring of positive energy (right hand)
 C - an amulet of reflection (around neck)
 G - an uncursed amulet of guardian spirit
Wands
 e - a wand of iceblast (13)
 p - a wand of disintegration (9)
 y - a wand of acid (19)
 O - a wand of polymorph (4)
Scrolls
 c - 2 scrolls of blinking
 i - 2 scrolls of fog
 j - 3 scrolls of remove curse
 o - 3 scrolls of amnesia
 t - 8 scrolls of magic mapping
 u - a scroll of fear {unknown}
 v - 7 scrolls of teleportation
 B - 2 scrolls of enchant weapon {unknown}
 H - a scroll of noise {unknown}
 M - a scroll of enchant armour {unknown}
 P - a scroll of silence {unknown}
 Q - a scroll of acquirement {unknown}
Potions
 h - 3 potions of ambrosia
 l - a potion of lignification
 n - 4 potions of curing
 q - 6 potions of heal wounds
 r - 2 potions of might
 s - 4 potions of magic {unknown}
 A - 3 potions of degeneration {unknown}
 D - 2 potions of flight {unknown}
 E - 4 potions of haste {unknown}
 K - 2 potions of cancellation {unknown}


   Skills:
 + Level 4.6 Fighting
 + Level 6.7 Maces & Flails
 + Level 2.4 Armour
 + Level 4.1 Dodging
 + Level 4.3 Stealth
 + Level 2.8 Shields
 + Level 8.7 Spellcasting
 + Level 4.8 Conjurations
 + Level 0.7 Transmutations
 + Level 10.4 Earth Magic


You had 23 spell levels left.
You knew the following spells:

 Your Spells              Type           Power        Failure   Level
a - Sandblast             Erth           100%         1%          1
b - Stone Arrow           Conj/Erth      78%          1%          3

Your spell library contained the following spells:

 Spells                   Type           Power        Failure   Level
 Passwall                 Tmut/Erth      25%          1%          2
 Searing Ray              Conj           56%          1%          2
 Shock                    Conj/Air       72%          3%          1
 Lee's Rapid Deconstruct  Erth           25%          3%          5
 Petrify                  Tmut/Erth      31%          10%         4
 Sticky Flame             Conj/Fire      18%          34%         4
 Fireball                 Conj/Fire      9%           67%         5


Dungeon Overview and Level Annotations

Branches:
Dungeon (11/15)            Temple (1/1) D:4           Sewer (visited)
   Lair: D:8-11         Orc: D:9-12

Altars:
Ashenzari
Cheibriados
Dithmenos
Elyvilon
Fedhas
Gozag
Hepliaklqana
Kikubaaqudgha
Makhleb
Nemelex Xobeh
Okawaru
Qazlal
Ru
Sif Muna
Trog
Uskayaw
Vehumet
Wu Jian
Xom
Yredelemnul
Zin
The Shining One

Annotations:
D:8 Maurice


Innate Abilities, Weirdness & Mutations

You are resistant to torment.
Your stone body is resilient. (AC +8)
You are immune to poison.
You resist negative energy. (rN+)
You are resistant to electric shocks. (rElec)
You can survive without breathing.
You are immune to petrification.
You are immune to miasma.


Message History

Casting: Sandblast (safe; 1% risk of failure)
Confirm with . or Enter, or press ? or * to list all spells.
Aiming: Sandblast (safe; 1% risk of failure)
Press: ? - help, Shift-Dir - straight line, f - red ugly thing
Aim: a red ugly thing (moderately wounded, 16% to evade)
The blast of sand misses the red ugly thing.
The red ugly thing completely misses you.
Unknown command.
Casting: Sandblast (safe; 1% risk of failure)
Confirm with . or Enter, or press ? or * to list all spells.
Aiming: Sandblast (safe; 1% risk of failure)
Press: ? - help, Shift-Dir - straight line, f/p - red ugly thing
Aim: a red ugly thing (moderately wounded, 16% to evade)
The blast of sand hits the red ugly thing!
The red ugly thing is heavily wounded.
The red ugly thing claws you.
You are engulfed in flames!
* * * LOW HITPOINT WARNING * * *
As you read the scroll of teleportation, it crumbles to dust.
You feel strangely unstable. The red ugly thing claws you!
You die...

#....# #.......
#....# #.......
#....# #.......
#....##### #.......
#......#4# #.......
#....#######.......
#......._#2#.......
#....#######..#####
#.@u..##3# #..#
#.....#### #..#
#.....# #..#
###...# #..#####
#...#### #.......
#......###.......
#................
#..........######
##......####.....


You could see a red ugly thing.

Vanquished Creatures
  Harold (D:8)
  Pikel (D:6)
  A troll (D:9)
  Sigmund (D:6)
  8 yaks
  Eustachio (D:6)
  Menkaure (D:4)
  2 ice beasts
  2 black bears
  4 orc warriors
  2 phantoms
  6 ogres
  A necrophage (D:6)
  A lemure (D:6)
  3 centaurs
  2 big kobolds
  10 bullfrogs
  2 wyvern zombies
  A wyvern skeleton (D:8)
  2 scorpions
  5 killer bees (D:9)
  4 wights (D:8)
  A quasit (D:7)
  7 orc priests
  2 bullfrog skeletons
  A gnoll shaman (D:6)
  5 hounds
  A jelly (D:10)
  10 orc wizards
  A centaur skeleton (D:5)
  2 iguanas
  3 worker ants
  A hound zombie (D:8)
  A howler monkey skeleton (D:7)
  5 gnolls
  8 adders
  4 river rats (Sewer)
  A shadow imp (D:8)
  2 white imps
  3 ufetubi (D:5)
  An ooze (Sewer)
  3 adder zombies
  2 worms
  2 adder skeletons
  2 dart slugs
  7 leopard geckos
  35 orcs
  17 ball pythons
  A giant cockroach (D:5)
  6 goblins
  11 hobgoblins
  8 jackals
  19 kobolds
  7 quokkas
  5 bats
  10 frilled lizards
  2 quokka skeletons
  A quokka zombie (D:5)
  51 rats
309 creatures vanquished.

Notes
Turn   | Place    | Note
-------+----------+-------------------------------------------
     0 | D:1      | Almogavar the Gargoyle Earth Elementalist began the quest
                  | for the Orb.
     0 | D:1      | Reached XP level 1. HP: 10/10 MP: 3/3
    36 | D:1      | Reached skill level 4 in Earth Magic
   242 | D:1      | Reached XP level 2. HP: 15/15 MP: 3/5
   660 | D:1      | Reached XP level 3. HP: 19/19 MP: 4/6
   945 | D:1      | Learned a level 3 spell: Stone Arrow
  1974 | D:2      | Reached XP level 4. HP: 24/24 MP: 0/8
  2608 | D:3      | Found a glowing drain.
  2618 | Sewer    | Entered a sewer
  3070 | Sewer    | Reached skill level 1 in Maces & Flails
  3070 | Sewer    | Reached XP level 5. HP: 24/28 MP: 4/9
  3167 | Sewer    | Reached skill level 5 in Earth Magic
  3465 | Sewer    | Reached skill level 1 in Fighting
  3475 | Sewer    | Reached XP level 6. HP: 26/34 MP: 5/11
  3711 | D:3      | Found a broken altar of Ashenzari.
  4429 | D:3      | Found an opulent altar of Gozag.
  4605 | D:4      | Noticed Menkaure
  4615 | D:4      | Killed Menkaure
  4616 | D:4      | Reached XP level 7. HP: 39/39 MP: 3/12
  5279 | D:4      | Reached skill level 6 in Earth Magic
  5381 | D:4      | Found a staircase to the Ecumenical Temple.
  5392 | Temple   | Entered the Ecumenical Temple
  5502 | Temple   | Became a worshipper of Warmaster Okawaru
  6259 | D:5      | Entered Level 5 of the Dungeon
  6381 | D:5      | Reached XP level 8. HP: 41/45 MP: 6/14
  7135 | D:5      | Found a bloodstained altar of Trog.
  7314 | D:5      | Found a snail-covered altar of Cheibriados.
  7314 | D:5      | Found a basalt altar of Yredelemnul.
  7480 | D:6      | Reached * piety under Okawaru
  7481 | D:6      | Reached skill level 5 in Spellcasting
  7481 | D:6      | Reached skill level 1 in Conjurations
  7752 | D:6      | Reached skill level 7 in Earth Magic
  7809 | D:6      | Reached skill level 1 in Shields
  8278 | D:6      | Reached skill level 5 in Maces & Flails
  8278 | D:6      | Reached XP level 9. HP: 35/51 MP: 15/17
  8705 | D:6      | Noticed Eustachio
  8728 | D:6      | Killed Eustachio
  8902 | D:6      | Noticed Pikel
  8914 | D:6      | Killed Pikel
  8914 | D:6      | Reached ** piety under Okawaru
  8915 | D:6      | Reached skill level 8 in Earth Magic
  9113 | D:6      | Noticed Sigmund
  9123 | D:6      | Killed Sigmund
 10062 | D:7      | Reached XP level 10. HP: 51/57 MP: 5/20
 10065 | D:7      | Reached *** piety under Okawaru
 10622 | D:8      | Reached skill level 9 in Earth Magic
 10745 | D:8      | Found a bloodstained altar of Trog.
 11086 | D:8      | Reached skill level 1 in Armour
 11144 | D:8      | Noticed Harold
 11167 | D:8      | Killed Harold
 11338 | D:8      | Noticed Maurice
 11502 | D:8      | Found a hazy altar of Hepliaklqana.
 12072 | D:9      | Reached **** piety under Okawaru
 12289 | D:9      | Found an opulent altar of Gozag.
 12568 | D:9      | Identified the Tome of Gliding Confrontation
 13021 | D:10     | Entered Level 10 of the Dungeon
 13129 | D:10     | Reached XP level 11. HP: 53/62 MP: 16/23
 13215 | D:10     | Reached skill level 10 in Earth Magic
 13547 | D:10     | Found a glowing golden altar of the Shining One.
 13600 | D:10     | Reached ***** piety under Okawaru
 13985 | D:10     | Found a burning altar of Makhleb.
 13985 | D:10     | Noticed a balrug
 14315 | D:11     | Noticed a red ugly thing
 14346 | D:10     | Slain by a red ugly thing

Illustrated notes

Levels and vault maps discovered:
D:1:      dpeg_arrival_arbitrary_a, layout_basic, palyth_stone_intersect,
          minmay_tree_intersection
D:2:      layout_loops_corners, kennysheep_generic_room_9
D:3:      layout_loops_ring, evilmike_ruin_ashenzari,
          lemuel_coloured_pillars_altar, portal_sewer_entry_b, minmay_rat_hole
D:4:      layout_rooms, minmay_temple_entry_fiery, uniq_menkaure
D:5:      layout_rooms, bloody_trog, amethyst_overflow_temple_binary,
          kennysheep_decorative_pillar
D:6:      layout_cave_pools, uniq_sigmund, uniq_eustachio, uniq_pikel
D:7:      layout_loops_ring
D:8:      layout_loops_ring, kennysheep_mini, basic_altar, uniq_harold,
          uniq_maurice
D:9:      layout_rooms, basic_altar, minivault_19
D:10:     layout_irregular_city, basic_altar, makhleb_altar_promises_db
D:11:     layout_small_grid, grunt_lair_entry_orc_guard_hut, orc_0_dummy,
          hangedman_little_slice_of_home
Temple:   lightli_temple_of_artemis

Skill      XL: |  1  2  3  4  5  6  7  8  9 10 11 |
---------------+----------------------------------+-----
Earth Magic    | 4 5 6 7 8 9 10 | 10.4
Dodging        | 2 3 4 |  4.1
Spellcasting   | 3 4 5 6 8 |  8.7
Maces & Flails | 1 2 3 5 6 |  6.7
Fighting       | 1 2 3 4 |  4.6
Stealth        | 3 4 |  4.3
Conjurations   | 1 3 4 |  4.8
Shields        | 1 2 |  2.8
Armour         | 2 |  2.4
Transmutations | |  0.7

Action                   |  1- 3 |  4- 6 |  7- 9 | 10-12 || total
-------------------------+-------+-------+-------+-------++-------
Melee: Unarmed           |    13 |       |       |       ||    13
       Mace              |    40 |   159 |   267 |       ||   466
       Whip              |       |       |    10 |   173 ||   183
 Cast: Sandblast         |    35 |    69 |    89 |    63 ||   256
       Stone Arrow       |     8 |    13 |    65 |    78 ||   164
Invok: Heroism           |       |       |       |     1 ||     1
  Use: Scroll            |       |     5 |     5 |     3 ||    13
       Potion            |       |     1 |     1 |     1 ||     3
 Stab: Sleeping          |     1 |     2 |     1 |       ||     4
       Distracted        |       |       |     1 |       ||     1
Armor: Robe              |    19 |   124 |   110 |       ||   253
       Leather armour    |       |       |     6 |    51 ||    57
Dodge: Dodged            |    41 |   210 |   216 |    95 ||   562
Block: Other             |       |       |    62 |    38 ||   100
       Reflection        |       |       |     3 |     1 ||     4
